 Dungeon Sprint DCSS version 0.27.1 (webtiles) character file.

Game seed: 1780292656100244763

262 styxcanada the Unseen (level 5, 0/28 HPs)
             Began as a Spriggan Brigand on Aug 30, 2021.
             Was an Initiate of Gozag.
             Slain by a spriggan (10 damage)
             ... in the Dungeon (Sprint IV: "Fedhas' Mad Dash").
             The game lasted 00:01:30 (225 turns).

styxcanada the Unseen (Spriggan Brigand)             Turns: 225, Time: 00:01:32

Health: 0/28       AC:  3    Str:  7    XL:     5   Next: 97%
Magic:  4/6        EV: 20    Int: 13    God:    Gozag
Gold:   165        SH:  0    Dex: 17    Spells: 4/4 levels left

rFire    . . .     SeeInvis +   a - +2 dagger
rCold    . . .     Faith    .   (shield restricted)
rNeg     . . .     Spirit   .   b - +0 robe
rPois    .         Reflect  .   (helmet restricted)
rElec    .         Harm     .   c - +0 cloak
rCorr    .         Rampage  .   (gloves unavailable)
Will     .....     NoTele   +   (boots unavailable)
Stlth    ++++++....             l - amulet of invisibility {+Inv}
HPRegen  0.09/turn              (no ring)
MPRegen  0.10/turn              (no ring)

@: gold aura, very slightly contaminated, invisible, very quick
A: very small, no large weapons, unfitting armour, see invisible, speed 3
a: Renounce Religion, Evoke Invisibility, Potion Petition, Call Merchant, Bribe
Branch


You were in the Dungeon.
You worshipped Gozag.
Gozag was aware of your devotion.
You visited 1 branch You collected 165 gold pieces.

Inventory:

Hand Weapons
 a - a +2 dagger (weapon)
Missiles
 d - 23 poisoned darts (quivered)
 e - 2 curare-tipped darts
Armour
 b - a +0 robe (worn)
 c - a +0 cloak (worn)
Jewellery
 l - the amulet of invisibility (around neck) {+Inv}
   (You found it in the Dungeon)

   [amulet of nothing]

   +Inv:      It lets you turn invisible.
Scrolls
 k - a scroll of blinking
 n - a scroll of enchant weapon {unknown}
Potions
 f - a potion of curing
 g - a potion of heal wounds
 h - a potion of haste
 i - 2 potions of magic
 j - a potion of berserk rage
 m - 2 potions of ambrosia {unknown}


   Skills:
 * Level 3.4 Fighting
 + Level 3.7 Short Blades
 + Level 3.0 Throwing
 * Level 5.4 Dodging
 * Level 15.4 Stealth
 * Level 3.5 Evocations


You had 4 spell levels left.
You didn't know any spells.
Your spell library was empty.

Dungeon Overview and Level Annotations

Branches:
Dungeon (1/1)

Altars:
Cheibriados
Dithmenos
Elyvilon
Gozag
Hepliaklqana
Kikubaaqudgha
Makhleb
Nemelex Xobeh
Okawaru
Qazlal
Ru
Sif Muna
Trog
Uskayaw
Vehumet
Wu Jian
Xom
Yredelemnul
Zin
The Shining One
Beogh
Jiyva
Lugonu


Innate Abilities, Weirdness & Mutations

You are very small and have problems with some larger weapons.
You are too small for most types of armour.
You have supernaturally acute eyesight. (SInv)
You cover ground extremely quickly. (Speed+++)


Message History

You are very lightly contaminated with residual magic.
You open the door.
A scorpion and 2 spriggans come into view.
A spriggan is wielding a +2 dagger of electrocution.
Found 34 gold pieces.
Unknown command.
There is an open door here.
You see here 11 gold pieces.
The helpless spriggan fails to defend itself.
You stick the spriggan like a pincushion!!!!
You kill the spriggan!
Your Dodging skill increases to level 5!
The helpless scorpion fails to defend itself.
You perforate the scorpion like a sieve!!!
You kill the scorpion!
Your Throwing skill increases to level 3!
Your Stealth skill increases to level 15!
Your Evocations skill increases to level 3!
The spriggan hits you with a +0 short sword!
Things that are here:
63 gold pieces; a +2 dagger of electrocution; a +0 robe You hit the spriggan.
The spriggan is heavily wounded.
You miss the spriggan.
The spriggan is heavily wounded.
The spriggan hits you with a +0 short sword!
You see here 11 gold pieces.
The spriggan is distracted by your dazzling golden aura.
There is an open door here.
Throw: 24 darts (poison)
Press: ? - help, Q - select action, (/) - cycle Shift-Dir - straight line, f - spriggan
Aim: a spriggan, wielding a +0 short sword and wearing a +0 robe (heavily wounded, unaware, hasn't noticed you, 34% to hit)
You throw a poisoned dart. The poisoned dart hits the spriggan!
The spriggan is poisoned.
The spriggan is no longer distracted by gold.
The spriggan shouts!
The spriggan is heavily wounded.
The spriggan hits you with a +0 short sword!
You die...
Your body crumbles into a pile of gold.

#####################
.⌠._._._._.⌠.#..@i$.#
.._._._._._..'..#$$$#
..._._._._...#..###+#
$$ .._._._._._..#..#
$ ._._._._._.⌠.####
############## $


You could see a spriggan (very poisoned).

Vanquished Creatures
  2 scorpions (D)
  3 oklob saplings (D)
  A spriggan (D)
  A river rat (D)
  A rat (D)
8 creatures vanquished.

Notes
Turn   | Place    | Note
-------+----------+-------------------------------------------
     0 | D        | styxcanada the Spriggan Brigand began the quest for the
                  | Orb.
     0 | D        | Reached XP level 1. HP: 10/10 MP: 2/2
     9 | D        | Reached skill level 8 in Stealth
     9 | D        | Reached XP level 2. HP: 15/15 MP: 3/3
    69 | D        | Noticed an oklob sapling
    71 | D        | Killed an oklob sapling
    72 | D        | Reached skill level 10 in Stealth
    72 | D        | Reached XP level 3. HP: 18/18 MP: 4/4
    73 | D        | Noticed a scorpion
    73 | D        | Found the amulet of invisibility {+Inv}
    75 | D        | Killed a scorpion
    76 | D        | Reached skill level 12 in Stealth
    76 | D        | Reached XP level 4. HP: 23/23 MP: 5/5
   107 | D        | Found an opulent altar of Gozag.
   107 | D        | Found a hazy altar of Hepliaklqana.
   107 | D        | Found a burning altar of Makhleb.
   107 | D        | Found a sparkling altar of Nemelex Xobeh.
   107 | D        | Found a snail-covered altar of Cheibriados.
   107 | D        | Found a sacrificial altar of Ru.
   107 | D        | Found a shimmering blue altar of Sif Muna.
   107 | D        | Found a shimmering altar of Xom.
   107 | D        | Found a basalt altar of Yredelemnul.
   108 | D        | Found a viscous altar of Jiyva.
   108 | D        | Found a bloodstained altar of Trog.
   108 | D        | Found an ornate altar of the Wu Jian Council.
   109 | D        | Found an iron altar of Okawaru.
   109 | D        | Found a shadowy altar of Dithmenos.
   109 | D        | Found a glowing silver altar of Zin.
   110 | D        | Found an ancient bone altar of Kikubaaqudgha.
   110 | D        | Found a hide-covered altar of Uskayaw.
   111 | D        | Found a stormy altar of Qazlal.
   111 | D        | Found a white marble altar of Elyvilon.
   111 | D        | Found a glowing golden altar of the Shining One.
   112 | D        | Became a worshipper of Gozag Ym Sagoz the Greedy
   113 | D        | Found a corrupted altar of Lugonu.
   113 | D        | Found a radiant altar of Vehumet.
   117 | D        | Reached skill level 13 in Stealth
   117 | D        | Reached skill level 1 in Evocations
   117 | D        | Reached XP level 5. HP: 28/28 MP: 3/6
   171 | D        | Reached skill level 14 in Stealth
   219 | D        | Reached skill level 5 in Dodging
   220 | D        | Reached skill level 15 in Stealth
   225 | D        | Slain by a spriggan

Illustrated notes

Levels and vault maps discovered:
D:        dungeon_sprint_fedhas [sprint_temple]

Skill      XL: |  1  2  3  4  5 |
---------------+----------------+-----
Dodging        | 2 3 4 5 |  5.4
Stealth        | 8 10 12 13 15 | 15.4
Fighting       | 2 3 |  3.4
Short Blades   | 3 |  3.7
Evocations     | 1 3 |  3.5
Throwing       | 3 |  3.0

Action                   |  1- 3 |  4- 6 || total
-------------------------+-------+-------++-------
Melee: Dagger            |     7 |     6 ||    13
Throw: Dart              |       |     1 ||     1
 Abil: Evoke Invisibilit |       |     3 ||     3
 Stab: Sleeping          |     3 |     4 ||     7
Armor: Robe              |     1 |       ||     1
Dodge: Dodged            |     2 |       ||     2
